[ AOE2 MATCH · #493689538 ]
UnrankedMaya vs Saracens
Player's team · LOSS
Rival team · WIN
[ REPLAY ANALYSIS · EXTRACTED FROM THE RECORDED GAME ]
Feudal
9:07
Castle
—
Imperial
—
| APM avg | 31.0 |
| APM peak | 55 |
| eAPM avg | 17.0 |
| Villagers / military | 33 / 12 |
Focus
⚔️ 35.8% · 🌾 64.2%
Archer ×12
Feudal
9:44
Castle
—
Imperial
—
| APM avg | 56.1 |
| APM peak | 135 |
| eAPM avg | 19.0 |
| Villagers / military | 42 / 12 |
Focus
⚔️ 19.9% · 🌾 80.1%
Archer ×7 · Militia ×3 · Skirmisher ×2
Match map
Initial resources + every placement click. Lines = walls · curves = elevation contours. ◆ gold · ⬟ stone · ● berries · ✦ relic · ◌ wall gap
Your base· Open — unwalled flank
pablo.okis's base· Open — unwalled flank
Smoothed initial terrain · ◌ = detected wall gap · hover for details
Inputs per minute
— malibu - - pablo.okis
Build order — malibu
79 actions detected in the replay
| 0:00 | Create | Villager (Male) |
| 0:02 | Build | House |
| 0:05 | Research | Loom |
| 0:06 | Build | House |
| 0:18 | Create | Villager (Male) ×3 |
| 1:42 | Create | Villager (Male) |
| 1:55 | Create | Villager (Male) |
| 2:20 | Create | Villager (Male) |
| 3:01 | Create | Villager (Male) ×2 |
| 3:32 | Build | Lumber Camp |
| 3:43 | Build | House |
| 3:48 | Create | Villager (Male) ×3 |
| 3:57 | Create | Villager (Male) |
| 3:57 | Create | Villager (Male) |
| 4:49 | Create | Villager (Male) |
| 4:49 | Create | Villager (Male) |
| 4:50 | Create | Villager (Male) |
| 4:50 | Create | Villager (Male) |
| 5:33 | Create | Villager (Male) |
| 5:59 | Create | Villager (Male) |
| 6:00 | Build | Mill |
| 6:49 | Create | Villager (Male) |
| 6:57 | Research | Feudal Age |
| 7:03 | Build | House |
| 7:59 | Build | Barracks |
| 8:08 | Create | Villager (Male) |
| 8:08 | Create | Villager (Male) |
| 9:07 | Age | Feudal Age |
| 9:12 | Build | Archery Range |
| 9:36 | Build | Mining Camp |
| 10:06 | Create | Villager (Male) |
| 10:07 | Research | Double-Bit Axe |
| 10:09 | Build | Palisade Wall |
| 10:12 | Build | Palisade Wall |
| 10:16 | Build | Palisade Wall |
| 10:58 | Create | Archer |
| 11:14 | Create | Villager (Male) |
| 11:15 | Create | Villager (Male) |
| 11:15 | Create | Villager (Male) |
| 11:18 | Create | Archer |
| 11:25 | Build | Palisade Wall |
| 11:27 | Build | Palisade Wall |
| 11:50 | Create | Archer |
| 12:06 | Create | Villager (Male) |
| 12:15 | Research | Horse Collar |
| 12:25 | Create | Archer |
| 12:43 | Build | Blacksmith |
| 12:46 | Build | House |
| 12:53 | Build | House |
| 12:57 | Build | House |
| 13:03 | Create | Villager (Male) |
| 13:38 | Create | Villager (Male) |
| 13:41 | Research | Fletching |
| 13:42 | Create | Archer |
| 13:52 | Build | Farm |
| 13:52 | Build | Farm |
| 13:53 | Build | Farm |
| 13:53 | Build | Farm |
| 13:53 | Build | Farm |
| 13:59 | Build | Farm |
| 14:05 | Create | Archer |
| 14:14 | Build | Farm |
| 14:17 | Build | Farm |
| 14:20 | Build | Farm |
| 14:22 | Build | Farm |
| 14:31 | Create | Villager (Male) |
| 14:53 | Create | Archer |
| 15:11 | Create | Archer |
| 15:28 | Create | Villager (Male) |
| 15:33 | Build | House |
| 15:42 | Create | Archer |
| 15:56 | Research | Padded Archer Armor |
| 15:56 | Create | Archer |
| 16:02 | Create | Villager (Male) |
| 16:20 | Build | Market |
| 16:21 | Build | House |
| 16:22 | Build | House |
| 17:05 | Create | Archer |
| 17:06 | Create | Archer |
Build order — pablo.okis
89 actions detected in the replay
| 0:00 | Create | Villager (Male) |
| 0:01 | Create | Villager (Male) |
| 0:01 | Create | Villager (Male) |
| 0:01 | Create | Villager (Male) |
| 0:04 | Build | House |
| 0:05 | Build | House |
| 1:27 | Create | Villager (Male) |
| 1:28 | Create | Villager (Male) |
| 2:03 | Create | Villager (Male) |
| 2:04 | Create | Villager (Male) |
| 2:04 | Create | Villager (Male) |
| 2:12 | Build | Lumber Camp |
| 2:19 | Create | Villager (Male) |
| 2:19 | Create | Villager (Male) |
| 2:55 | Create | Villager (Male) |
| 3:10 | Create | Villager (Male) |
| 3:48 | Create | Villager (Male) |
| 3:48 | Create | Villager (Male) |
| 3:50 | Build | House |
| 3:53 | Build | House |
| 4:07 | Create | Villager (Male) |
| 4:30 | Build | Mill |
| 4:36 | Create | Villager (Male) |
| 4:36 | Create | Villager (Male) |
| 5:05 | Create | Villager (Male) |
| 5:05 | Create | Villager (Male) |
| 5:12 | Create | Villager (Male) |
| 6:00 | Create | Villager (Male) |
| 6:00 | Create | Villager (Male) |
| 6:14 | Build | Barracks |
| 6:19 | Create | Villager (Male) |
| 6:41 | Research | Loom |
| 6:56 | Build | House |
| 7:34 | Research | Feudal Age |
| 7:46 | Create | Militia |
| 8:10 | Build | Mining Camp |
| 8:10 | Create | Militia |
| 8:26 | Create | Militia |
| 9:39 | Create | Villager (Male) |
| 9:44 | Age | Feudal Age |
| 9:58 | Research | Man-at-Arms (upgrade) |
| 10:02 | Build | Archery Range |
| 10:04 | Build | House |
| 10:12 | Create | Villager (Male) |
| 10:44 | Create | Villager (Male) |
| 11:05 | Create | Villager (Male) |
| 11:20 | Create | Archer |
| 11:20 | Create | Archer |
| 11:23 | Create | Villager (Male) |
| 11:34 | Build | Mill |
| 11:40 | Build | Market |
| 11:59 | Create | Archer |
| 11:59 | Create | Archer |
| 12:05 | Build | Blacksmith |
| 12:07 | Create | Villager (Male) |
| 12:28 | Create | Archer |
| 12:28 | Create | Archer |
| 12:31 | Create | Villager (Male) |
| 12:35 | Build | House |
| 12:40 | Build | Palisade Gate |
| 12:47 | Create | Villager (Male) |
| 12:51 | Build | Farm |
| 12:54 | Build | Farm |
| 13:02 | Build | Palisade Wall |
| 13:07 | Build | House |
| 13:12 | Create | Archer |
| 13:16 | Create | Villager (Male) |
| 13:43 | Research | Fletching |
| 13:47 | Build | Mining Camp |
| 14:00 | Build | Palisade Wall |
| 14:10 | Create | Villager (Male) |
| 14:10 | Create | Villager (Male) |
| 14:22 | Research | Padded Archer Armor |
| 14:23 | Create | Villager (Male) |
| 15:02 | Create | Villager (Male) |
| 15:10 | Build | Palisade Wall |
| 15:13 | Build | Farm |
| 15:14 | Build | Farm |
| 15:21 | Create | Villager (Male) |
| 15:46 | Create | Villager (Male) |
| 16:19 | Create | Skirmisher |
| 16:19 | Create | Skirmisher |
| 16:26 | Create | Villager (Male) |
| 16:30 | Build | Farm |
| 16:31 | Build | Farm |
| 16:32 | Build | Farm |
| 16:54 | Create | Villager (Male) |
| 16:56 | Build | Farm |
| 17:32 | Create | Villager (Male) |
Match timeline
| 6:14 | pablo.okis · first_building Barracks |
| 7:59 | malibu · first_building Barracks |
| 9:07 | malibu · age_up feudal |
| 9:12 | malibu · first_building Archery Range |
| 9:44 | pablo.okis · age_up feudal |
| 10:02 | pablo.okis · first_building Archery Range |
| 10:09 | malibu · wall_segment Palisade Wall x1 |
| 10:12 | malibu · wall_segment Palisade Wall x1 |
| 10:16 | malibu · wall_segment Palisade Wall x1 |
| 11:25 | malibu · wall_segment Palisade Wall x1 |
| 11:27 | malibu · wall_segment Palisade Wall x1 |
| 13:02 | pablo.okis · wall_segment Palisade Wall x4 |
| 13:09 | pablo.okis · first_market_sell 100 stone |
| 13:10 | pablo.okis · first_market_buy 100 food |
| 14:00 | pablo.okis · wall_segment Palisade Wall x8 |
| 15:10 | pablo.okis · wall_segment Palisade Wall x13 |
| 17:35 | malibu · resign |
[ AI ANALYSIS · 1 CREDIT ]
What really happened in this match?
Wolo.gg analyzes every decision: build order, eco, micro, common mistakes by bracket. Personalized analysis on WhatsApp or Discord in 30 seconds.
Civ guide
Maya
Perfil
malibu